 Dungeon Crawl Stone Soup version 0.30-a0-652-gcc886f7154 (webtiles) character file.

Game seed: 6235391012957465207

3272 Dittersdorf the Blocker (level 10, -12/64 HPs)
             Began as a Gargoyle Fighter on Jan 17, 2023.
             Was an Elder of Okawaru.
             Shot with an arrow by a centaur warrior (16 damage)
             ... on level 8 of the Dungeon.
             The game lasted 00:12:06 (7073 turns).

Dittersdorf the Blocker (Gargoyle Fighter)          Turns: 7073, Time: 00:12:06

Health: -12/64     AC: 24    Str: 25    XL:     10   Next: 0%
Magic:  10/10      EV:  8    Int:  8    God:    Okawaru [****..]
Gold:   303        SH:  6    Dex: 15    Spells: 9/9 levels left

rFire   . . .      SeeInvis .    B - +3 flail (protect)
rCold   + . .      Faith    .    c - +0 buckler
rNeg    + . .      Spirit   .    l - +0 chain mail
rPois   ∞          Reflect  .    (no helmet)
rElec   +          Harm     .    s - +1 cloak {rPois}
rCorr   .          Rampage  .    q - +1 pair of gloves
Will    .....                    y - +0 pair of boots Stlth
                                 (no amulet)
HPRegen 0.30/turn                n - ring of protection from cold
MPRegen 0.12/turn                g - +6 ring of dexterity

@: weakened
A: sickness immunity, AC +7, negative energy resistance 1, electricity
resistance, torment resistance 1, petrification resistance
a: Renounce Religion, Heroism, Finesse


You were on level 8 of the Dungeon.
You worshipped Okawaru.
Okawaru was greatly pleased with you.
You visited 2 branches of the dungeon, and saw 9 of its levels.
You also visited: Sewer.

You collected 303 gold pieces.

Inventory:

Hand Weapons
 B - a +3 flail of protection (weapon)
Missiles
 h - 18 poisoned darts (quivered)
Armour
 c - a +0 buckler (worn)
 l - a +0 chain mail (worn)
 q - a +1 pair of gloves (worn)
 s - a +1 cloak of poison resistance (worn)
 y - a +0 pair of boots (worn)
Jewellery
 g - a +6 ring of dexterity (right hand)
 n - a ring of protection from cold (left hand)
Wands
 k - a wand of flame (5)
 w - a wand of quicksilver (14)
 A - a wand of paralysis (6)
Scrolls
 a - a scroll of blinking
 i - 4 scrolls of teleportation
 v - 2 scrolls of enchant weapon
Potions
 b - 3 potions of heal wounds
 d - a potion of might
 f - 3 potions of cancellation
 j - 2 potions of mutation
 m - 4 potions of curing
 o - 2 potions of invisibility {unknown}
 p - a potion of flight {unknown}
 r - 2 potions of haste {unknown}
 t - a potion of brilliance {unknown}
 u - a potion of magic {unknown}
 x - a potion of attraction {unknown}
 z - 2 potions of degeneration {unknown}


   Skills:
 + Level 8.2 Fighting
 + Level 7.0 Maces & Flails
 + Level 8.2 Armour
 + Level 8.3 Shields


You had 9 spell levels left.
You didn't know any spells.
Your spell library contained the following spells:

 Spells                   Type           Power      Damage    Failure   Level
 Kiss of Death            Conj/Necr      0%         2d5       96%         1
 Necrotise                Necr           0%         1d4       96%         1
 Blink                    Tloc           0%         N/A       99%         2
 Confusing Touch          Hex            0%         N/A       100%        3
 Vampiric Draining        Necr           0%         2d6       100%        3
 Dispel Undead            Necr           0%         3d6       100%        4
 Manifold Assault         Tloc           0%         N/A       100%        4
 Agony                    Necr           0%         N/A       100%        5
 Storm Form               Tmut/Air       0%         N/A       100%        7


Dungeon Overview and Level Annotations

Branches:
Dungeon (8/15)             Temple (1/1) D:4           Sewer (visited)
   Lair: D:8-11

Altars:
Ashenzari
Dithmenos
Elyvilon
Fedhas
Hepliaklqana
Kikubaaqudgha
Nemelex Xobeh
Okawaru
Sif Muna
Trog
Vehumet
Xom
Yredelemnul

Shops:
D:5 =   D:7 *

Annotations:
D:7 2 transporters
D:8 Erica


Innate Abilities, Weirdness & Mutations

You are immune to sickness and miasma.
Your stone body is resilient. (AC +7)
You are immune to poison.
You resist negative energy. (rN+)
You are resistant to electric shocks. (rElec)
You are resistant to unholy torment.
You are immune to petrification.


Message History

The green ugly thing gores you but does no damage.
The tengu warrior hits you but does no damage.
The tengu warrior pecks you but does no damage.
The tengu warrior claws you but does no damage.
The komodo dragon bites you!
You are too injured to fight recklessly!
You are too injured to fight recklessly!
You are too injured to fight recklessly!
You are too injured to fight recklessly!
You are too injured to fight recklessly!
You are too injured to fight recklessly!
You are too injured to fight recklessly!
You are too injured to fight recklessly!
The green ugly thing attacks as you move away!
You block the green ugly thing's attack.
You block something's attack. The necrophage hits you.
* * * LOW HITPOINT WARNING * * *
The tengu warrior closely misses you. The tengu warrior barely misses you.
The tengu warrior claws you but does no damage.
The gnoll bouda gazes fiercely through you!
You feel as though you will be weak longer.
The tengu warrior attacks as you move away!
The tengu warrior hits you with a +2 great sword!
* * * LOW HITPOINT WARNING * * *
You block the tengu warrior's attack.
The tengu warrior claws you but does no damage.
The necrophage attacks as you move away!
The necrophage hits you but does no damage.
A water moccasin comes into view.
The water moccasin hisses angrily.
The orc throws a silver boomerang.
The silver boomerang hits you but does no damage.
* * * LOW HITPOINT WARNING * * *
The gnoll bouda gazes fiercely through you!
You feel as though you will be weak longer.
The gnoll bouda hits you but does no damage.
You see here a scroll of identify.
The centaur warrior wields a +0 shortbow of flaming.
It bursts into flame!
The centaur warrior shoots an arrow.
The arrow hits you!
You die...

.# ..#......!!
.... .........
.#...#........
...#...#.h....
[#..?#..)#....
.#...#...#....
#...#..S#....#
.....c.....<#
..#..Y#K..#@##
#...#..g#{.#
#o.Q#y..#
#..n#o.#
#...#Ku.#.#
............#
..............#
#############..#
#.#


You could see a green ugly thing, a centaur warrior, a water moccasin, a kobold
brigand, a necrophage, a howler monkey, a killer bee and an orc.

Vanquished Creatures
  Pikel (D:6)
  A steam dragon (D:6)
  A water moccasin (D:7)
  Duvessa (D:5)
  A sky beast (D:7)
  An ogre (D:5)
  2 centaurs
  2 lemures (D:6)
  2 phantoms (D:5)
  A kobold brigand (Sewer)
  A bullfrog (D:5)
  A gnoll sergeant (D:6)
  6 scorpions
  9 wights
  Dowan (D:5)
  A bullfrog zombie (D:6)
  5 hounds
  4 orc priests
  2 jellies
  A gnoll bouda (D:4)
  A centaur skeleton (D:6)
  Terence (D:3)
  3 orc wizards
  A centaur simulacrum (D:6)
  A spectral howler monkey (D:6)
  11 gnolls
  3 river rats (Sewer)
  14 adders
  A white imp (D:5)
  An ufetubus (D:5)
  16 orcs
  8 endoplasms
  4 giant cockroaches
  5 goblins
  2 hobgoblins
  5 jackals
  2 quokkas
  10 ball pythons
  7 bats
  2 frilled lizards (Sewer)
  15 kobolds
  9 rats
166 creatures vanquished.

Vanquished Creatures (others)
  A wizard (D:6)
  An orc wizard (D:4)
  4 plants (Sewer)
  21 withered plants (D:6)
27 creatures vanquished.

Grand Total: 193 creatures vanquished

Notes
Turn   | Place    | Note
-------+----------+-------------------------------------------
     0 | D:1      | Dittersdorf the Gargoyle Fighter began the quest for the
                  | Orb.
     0 | D:1      | Reached XP level 1. HP: 14/14 MP: 1/1
   118 | D:1      | Reached XP level 2. HP: 19/19 MP: 2/2
   665 | D:2      | Reached XP level 3. HP: 23/23 MP: 3/3
  1019 | D:2      | Reached XP level 4. HP: 28/29 MP: 4/4
  1392 | D:3      | Noticed Terence
  1400 | D:3      | Killed Terence
  1603 | D:3      | Found a glowing drain.
  1618 | Sewer    | Entered a sewer
  1620 | Sewer    | Noticed a kobold brigand
  1646 | Sewer    | Killed a kobold brigand
  1647 | Sewer    | Reached XP level 5. HP: 26/34 MP: 5/5
  1898 | Sewer    | Reached XP level 6. HP: 34/39 MP: 6/6
  2835 | D:4      | Found a staircase to the Ecumenical Temple.
  2846 | Temple   | Entered the Ecumenical Temple
  2889 | Temple   | Became a worshipper of Warmaster Okawaru
  3044 | D:4      | Reached skill level 5 in Shields
  3049 | D:4      | Reached skill level 5 in Fighting
  3060 | D:4      | Reached skill level 5 in Armour
  3167 | D:4      | Reached XP level 7. HP: 43/44 MP: 7/7
  3443 | D:4      | Identified the +1 war axe "Spider's Death Toll" {freeze,
                  | rPois Str+4}
  3572 | D:5      | Entered Level 5 of the Dungeon
  3723 | D:5      | Found a basalt altar of Yredelemnul.
  4039 | D:5      | Reached * piety under Okawaru
  4073 | D:5      | Found a broken altar of Ashenzari.
  4394 | D:5      | Reached XP level 8. HP: 16/51 MP: 8/8
  4610 | D:5      | Noticed Dowan
  4611 | D:5      | Noticed Duvessa
  4635 | D:5      | Killed Duvessa
  4642 | D:5      | Killed Dowan
  4795 | D:5      | Found Haettan's Jewellery Emporium.
  4941 | D:5      | Reached skill level 5 in Maces & Flails
  5054 | D:5      | Found a shadowy altar of Dithmenos.
  5158 | D:5      | Reached ** piety under Okawaru
  5448 | D:6      | Found a bloodstained altar of Trog.
  5451 | D:6      | Noticed a wizard
  5454 | D:6      | Killed a wizard
  5536 | D:5      | Reached XP level 9. HP: 54/56 MP: 9/9
  5882 | D:6      | Reached *** piety under Okawaru
  6149 | D:6      | Found an ancient bone altar of Kikubaaqudgha.
  6179 | D:6      | Noticed Pikel
  6182 | D:6      | Found the +4 dagger "Morg" {pain, Will+ Int+5}
  6210 | D:6      | Killed Pikel
  6550 | D:7      | Found a shimmering altar of Xom.
  6582 | D:7      | Found a transporter.
  6587 | D:7      | Found a transporter.
  6610 | D:7      | Found Zydi's Elemental Accessories.
  6732 | D:7      | Noticed a kobold demonologist
  6740 | D:7      | Noticed a kobold demonologist
  6769 | D:7      | Found a blossoming altar of Fedhas.
  6900 | D:7      | Found a shimmering altar of Xom.
  6906 | D:7      | Reached **** piety under Okawaru
  6909 | D:7      | Found a shimmering altar of Xom.
  6909 | D:7      | Found a shimmering altar of Xom.
  6922 | D:7      | Found a shimmering altar of Xom.
  6924 | D:7      | Found a shimmering altar of Xom.
  7032 | D:7      | Reached XP level 10. HP: 64/64 MP: 10/10
  7052 | D:8      | Noticed a centaur warrior
  7052 | D:8      | Noticed Erica
  7053 | D:8      | Noticed a tengu warrior
  7056 | D:8      | Noticed a green ugly thing
  7066 | D:8      | Noticed a two-headed ogre
  7073 | D:8      | Shot with an arrow by a centaur warrior

Illustrated notes

Levels and vault maps discovered:
D:1:      saegor_arrival_simple_d, layout_loops_ring
D:2:      layout_basic
D:3:      layout_basic, portal_sewer_entry_e, uniq_terence
D:4:      layout_loops_ring, minmay_temple_entry_glass
D:5:      layout_loops_corners, mainiacjoe_overflow_cross_hatched,
          mainiacjoe_overflow_tiny_flanked, nicolae_overflow_hidden_temple,
          serial_shops, nicolae_shop_hallway_stairs, kennysheep_windowed_goal,
          uniq_duvessa
D:6:      layout_rooms, mainiacjoe_overflow_alcove_2, trog_wizard,
          glass_columns_a, corexii_item_surrounded_by_moat,
          dilly_guarded_unrand_morg, uniq_pikel
D:7:      gammafunk_wand_slinger, layout_cave_pools, xom_redecorated,
          mainiacjoe_overflow_alcove_4, nicolae_elemental_shop,
          kennysheep_minor_cross, kennysheep_generic_room_8
D:8:      cheibrodos_fzero, layout_basic, grunt_qazlal_clouds,
          chequers_ossuary_entry_cave, uniq_maggie, uniq_erica, uniq_psyche,
          uniq_prince_ribbit1
Temple:   nicolae_temple_bog_church

Skill      XL: |  1  2  3  4  5  6  7  8  9 |
---------------+----------------------------+-----
Shields        | 4 5 7 8 |  8.3
Fighting       | 4 5 6 8 |  8.2
Armour         | 4 5 6 8 |  8.2
Maces & Flails | 3 4 5 7 |  7.0

Action                   |  1- 3 |  4- 6 |  7- 9 | 10-12 || total
-------------------------+-------+-------+-------+-------++-------
Melee: Flail             |    88 |   227 |   336 |    11 ||   662
       Whip              |       |       |     6 |       ||     6
Throw: Dart              |       |       |    16 |       ||    16
  Use: Scroll            |       |    10 |     5 |     1 ||    16
Armor: Scale mail        |    53 |    49 |       |       ||   102
       Chain mail        |       |   139 |   310 |    27 ||   476
Dodge: Dodged            |    28 |    91 |   170 |    13 ||   302
Block: Buckler           |    20 |    52 |   138 |    16 ||   226

Table legend: (Time is in decaauts)
 A = Elapsed time spent in this place.
 B = Non-inter-level travel time spent in this place.
 C = Inter-level travel time spent in this place.
 D = Time resting spent in this place.
 E = Time spent auto-exploring this place.
 F = Levels seen in this place.
 G = Mean time per level.
                   A        B        C        D        E       F      G
               +--------+--------+--------+--------+--------+-----+--------+
         Total |   7331 |   7032 |    299 |    980 |   4119 |  10 |  733.1 |
       Dungeon |   6699 |   6417 |    282 |    966 |   3748 |   8 |  837.4 |
        Temple |     64 |     47 |     17 |      0 |     32 |   1 |   64.0 |
         Sewer |    567 |    567 |      0 |     14 |    338 |   1 |  567.0 |
               +--------+--------+--------+--------+--------+-----+--------+

Top non-repeatable levels by time:
     D:5: 2070 daAuts
     D:4: 1049 daAuts
     D:6: 916 daAuts
     D:3: 868 daAuts
     D:1: 664 daAuts
     D:2: 575 daAuts
   Sewer: 567 daAuts
     D:7: 532 daAuts
  Temple: 64 daAuts
     D:8: 21 daAuts
